 Dungeon Crawl Stone Soup version 0.28.0-47-ge53b351184 (webtiles) character file.

Game seed: 2830178594800779061

17193 Bruhh the Fighter (level 12, -2/140 HPs)
             Began as an Ogre Earth Elementalist on Apr 28, 2022.
             Was a Priest of Vehumet.
             Slain by a yak (8 damage)
             ... on level 10 of the Dungeon.
             The game lasted 00:46:10 (18762 turns).

Bruhh the Fighter (Ogre Earth Elementalist)        Turns: 18762, Time: 00:46:11

Health: -2/140     AC:  7    Str: 19      XL:     12   Next: 45%
Magic:  6/26       EV: 15    Int: 19 (20) God:    Vehumet [***...]
Gold:   453        SH:  0    Dex: 10      Spells: 23/31 levels left

rFire   . . .      SeeInvis .   B - +0 dagger "Orb Guardian's Bane" {vorpal, rN+ Str+4 Dex-5}
rCold   . . .      Faith    +   (no shield)
rNeg    + . .      Spirit   .   h - +0 acid dragon scales
rPois   .          Reflect  .   (helmet restricted)
rElec   .          Harm     .   (no cloak)
rCorr   +          Rampage  .   (gloves unavailable)
Will    +....                   (boots unavailable)
Stlth   +.........              n - amulet of faith
HPRegen 0.33/turn               q - +4 ring of evasion
MPRegen 0.20/turn               v - +6 ring of dexterity

@: lethally poisoned (-2 -> -4)
A: large, unfitting armour, tough skin 1
a: Renounce Religion


You were on level 10 of the Dungeon.
You worshipped Vehumet.
Vehumet was most pleased with you.
You visited 2 branches of the dungeon, and saw 11 of its levels.

You collected 646 gold pieces.
You spent 193 gold pieces at shops.

Inventory:

Hand Weapons
 a - a +0 dagger
 t - a +1 dagger of venom
 B - the +0 dagger "Orb Guardian's Bane" (weapon) {vorpal, rN+ Str+4 Dex-5}
   (You found it on level 8 of the Dungeon)

   It inflicts extra damage upon your enemies.
   Str:       It affects your strength (+4).
   Dex:       It affects your dexterity (-5).
   rN:        It protects you from negative energy.
 G - the +1 hand axe of Ducvi {venom, rF- rC++ Str+2 Int+4}
   (You found it on level 10 of the Dungeon)

   It poisons the flesh of those it strikes.
   Str:       It affects your strength (+2).
   Int:       It affects your intelligence (+4).
   rF:        It makes you vulnerable to fire.
   rC:        It greatly protects you from cold.
Missiles
 c - 37 stones
 C - 2 throwing nets
Armour
 b - a +0 robe
 h - +0 acid dragon scales (worn)
 y - the +1 robe of Supple Strength {rN+++ Regen+ rCorr Str-5}
   (You bought it in a shop on level 7 of the Dungeon)

   Str:       It affects your strength (-5).
   rN:        It renders you almost immune to negative energy.
   Regen:     It increases your rate of health regeneration.
   rCorr:     It protects you from acid and corrosion.
 z - the +0 robe of the Unseen Realm {Rampage}
   (You found it on level 7 of the Dungeon)

   Rampage:   It bestows one free step when moving towards enemies.
Jewellery
 n - an amulet of faith (around neck)
 q - a +4 ring of evasion (left hand)
 v - a +6 ring of dexterity (right hand)
Wands
 x - a wand of iceblast (18)
 A - a wand of acid (2)
 D - a wand of flame (32)
Scrolls
 d - 3 scrolls of fog
 e - 2 scrolls of immolation
 f - a scroll of vulnerability
 g - a scroll of holy word {unknown}
 j - 2 scrolls of enchant armour
 l - 3 scrolls of magic mapping
 m - 2 scrolls of teleportation
 o - 2 scrolls of noise
 r - a scroll of torment
 F - a scroll of silence
Potions
 i - 2 potions of might
 s - 3 potions of resistance
 w - a potion of brilliance


   Skills:
 + Level 14.9 Fighting
 + Level 8.4 Dodging
 - Level 1.4 Stealth
 - Level 10.0 Spellcasting
 - Level 8.0 Conjurations
 - Level 2.0 Hexes
 - Level 0.8 Transmutations
 - Level 6.0 Earth Magic


You had 23 spell levels left.
You knew the following spells:

 Your Spells              Type           Power      Damage    Failure   Level
a - Sandblast             Erth           64%        2d14      1%          1
b - Stone Arrow           Conj/Erth      72%        3d11      1%          3
c - Fulminant Prism       Conj/Hex       14%        3d9       3%          4

Your spell library contained the following spells:

 Spells                   Type           Power      Damage    Failure   Level
 Frozen Ramparts          Ice            18%        1d3       8%          3
 Magic Dart               Conj           100%       1d8       1%          1
 Searing Ray              Conj           78%        2d7       1%          2
 Mephitic Cloud           Conj/Pois/Air  19%        N/A       2%          3
 Passwall                 Tmut/Erth      18%        N/A       3%          2
 Beastly Appendage        Tmut           24%        N/A       7%          1
 Petrify                  Tmut/Erth      22%        N/A       24%         4
 Blade Hands              Tmut           6%         N/A       88%         5


Dungeon Overview and Level Annotations

Branches:
Dungeon (10/15)            Temple (1/1) D:6            Lair (0/6) D:10
    Orc: D:9-12

Altars:
Ashenzari
Cheibriados
Dithmenos
Elyvilon
Fedhas
Gozag
Hepliaklqana
Kikubaaqudgha
Makhleb
Nemelex Xobeh
Okawaru
Qazlal
Sif Muna
Trog
Uskayaw
Vehumet
Wu Jian
Xom
Yredelemnul
The Shining One

Shops:
D:2 (   D:7 [*   D:8 (


Innate Abilities, Weirdness & Mutations

You are too large for most types of armour.
You have tough skin. (AC +1)


Message History

Aim: a killer bee (severely wounded, 48% to hit)
The stone arrow misses the killer bee.
The stone arrow hits the yak!!
The yak is heavily wounded.
The killer bee closely misses you. The killer bee misses you.
Casting: Stone Arrow (safe; 1% risk of failure)
Confirm with . or Enter, or press ? or * to list all spells.
Aiming: Stone Arrow (safe; 1% risk of failure)
Press: ? - help, Shift-Dir - straight line, f/p - killer bee
Aim: a killer bee (severely wounded, 48% to hit)
The stone arrow misses the killer bee.
The stone arrow hits the yak!
The yak is severely wounded.
The killer bee barely misses you. The killer bee completely misses you.
The yak gores you.
* * * LOW HITPOINT WARNING * * *
The yak barely misses you.
Casting: Stone Arrow (safe; 1% risk of failure)
Confirm with . or Enter, or press ? or * to list all spells.
Aiming: Stone Arrow (safe; 1% risk of failure)
Press: ? - help, Shift-Dir - straight line, f/p - killer bee
Aim: a killer bee (severely wounded, 48% to hit)
The stone arrow misses the killer bee.
The killer bee closely misses you. The killer bee stings you.
* * * LOW HITPOINT WARNING * * *
You are poisoned.
The killer bee poisons you! The yak gores you!
* * * LOW HITPOINT WARNING * * *
The yak gores you but does no damage.
Casting: Stone Arrow (safe; 1% risk of failure)
Confirm with . or Enter, or press ? or * to list all spells.
Aiming: Stone Arrow (safe; 1% risk of failure)
Press: ? - help, Shift-Dir - straight line, f/p - killer bee
Aim: a killer bee (severely wounded, 48% to hit)
The stone arrow hits the killer bee!!
You kill the killer bee!
Vehumet accepts your kill.
You feel your power returning.
You feel sick. The yak gores you.
* * * LOW HITPOINT WARNING * * *
The yak closely misses you.
You feel sick. The yak gores you!
You die...

#≈.......#
########################≈# #.....
........................≈# .....
........................≈# ...≈≈
.Y....................÷.≈####..≈8
#####################..$≈......≈≈
#..$≈[.....##
#####################...[####..'.
................@.......≈# #.)#.
...<....[.....YY........≈#.##..#
........................≈#.....#
........................≈#.....#
.....................[..≈#######
÷.......................#≈≈≈≈≈≈
(....................((>#######
[.>..................<........
..............................


You could see 2 yaks.

Vanquished Creatures
  A boulder beetle (D:9)
  4 two-headed ogres
  Pikel (D:7)
  2 cyclopes (D:10)
  An ugly thing (D:10)
  An unseen horror (D:9)
  A troll (D:9)
  Grinder (D:5)
  2 hornets
  A shadow (D:10)
  35 yaks
  2 vampires
  2 steam dragons
  A vampire mosquito (D:10)
  Menkaure (D:5)
  An acid dragon (D:9)
  4 water moccasins
  5 orc warriors
  3 ice beasts
  6 black bears
  A hornet zombie (D:8)
  5 ogres
  2 centaurs
  A phantom (D:6)
  5 kobold brigands
  A wyvern zombie (D:8)
  3 bullfrogs
  2 scorpions
  A wyvern skeleton (D:5)
  15 killer bees
  An electric eel (D:7)
  2 howler monkeys
  6 centaur zombies
  A crimson imp (D:3)
  3 hounds
  A jelly (D:6)
  2 bullfrog skeletons (D:6)
  A gnoll shaman (D:10)
  4 centaur skeletons
  An iguana (D:5)
  4 orc wizards
  3 howler monkey zombies
  7 gnolls
  6 adders
  A howler monkey skeleton (D:7)
  6 white imps
  An ufetubus (D:6)
  An adder skeleton (D:4)
  An adder zombie (D:5)
  3 dart slugs
  16 orcs
  5 ball pythons
  5 endoplasms
  A giant cockroach (D:1)
  6 goblins
  11 hobgoblins
  3 jackals (D:4)
  3 quokkas
  4 bats
  A goblin skeleton (D:3)
  2 goblin zombies (D:3)
  A hobgoblin zombie (D:3)
  18 kobolds
  2 kobold skeletons (D:3)
  A kobold zombie (D:3)
  An orc skeleton (D:3)
  An orc zombie (D:3)
  4 rats
251 creatures vanquished.

Vanquished Creatures (others)
  11 fulminant prisms
  22 fungi (D:10)
  15 plants (D:10)
48 creatures vanquished.

Grand Total: 299 creatures vanquished

Notes
Turn   | Place    | Note
-------+----------+-------------------------------------------
     0 | D:1      | Bruhh the Ogre Earth Elementalist began the quest for the
                  | Orb.
     0 | D:1      | Reached XP level 1. HP: 16/16 MP: 3/3
   485 | D:1      | Reached XP level 2. HP: 18/24 MP: 3/5
  1286 | D:1      | Found a faded altar of an unknown god.
  1511 | D:2      | Found Deqegum's Antique Weapon Emporium.
  1733 | D:2      | Found a shimmering altar of Xom.
  1741 | D:2      | Reached XP level 3. HP: 30/31 MP: 7/7
  2671 | D:3      | Found a glowing golden altar of the Shining One.
  2676 | D:3      | Reached XP level 4. HP: 39/39 MP: 7/9
  3112 | D:3      | Noticed a scorpion
  3119 | D:3      | Killed a scorpion
  3120 | D:3      | Reached XP level 5. HP: 19/45 MP: 4/11
  3929 | D:4      | Reached skill level 5 in Spellcasting
  3929 | D:4      | Reached XP level 6. HP: 43/53 MP: 9/13
  4414 | D:4      | Noticed a black bear
  4416 | D:4      | Killed a black bear
  4417 | D:4      | Reached skill level 5 in Earth Magic
  4425 | D:4      | Learned a level 3 spell: Stone Arrow
  4634 | D:5      | Entered Level 5 of the Dungeon
  4656 | D:5      | Reached skill level 1 in Conjurations
  4656 | D:5      | Reached XP level 7. HP: 53/59 MP: 11/15
  4696 | D:5      | Noticed Grinder
  4701 | D:5      | Killed Grinder
  5046 | D:5      | Reached XP level 8. HP: 55/67 MP: 1/16
  5549 | D:5      | Noticed Menkaure
  5552 | D:5      | Killed Menkaure
  6047 | D:5      | Reached skill level 1 in Fighting
  6863 | D:6      | Reached skill level 5 in Conjurations
  6863 | D:6      | Reached XP level 9. HP: 76/76 MP: 14/21
  6952 | D:6      | Found a staircase to the Ecumenical Temple.
  7787 | D:6      | Got the Compendium of the Jolly Places
  8450 | D:7      | Noticed Pikel
  8525 | D:7      | Killed Pikel
  8626 | D:7      | Found Jexuapi's Antique Armour Emporium.
  8632 | D:7      | Learned a level 4 spell: Fulminant Prism
  8679 | D:7      | Bought a silken robe for 193 gold pieces
  8679 | D:7      | Identified the +1 robe of Supple Strength {rN+++ Regen+
                  | rCorr Str-5} (You bought it in a shop on level 7 of the
                  | Dungeon)
  8720 | D:7      | Reached skill level 10 in Spellcasting
  8803 | D:7      | Reached skill level 1 in Hexes
  8803 | D:7      | Reached XP level 10. HP: 66/84 MP: 11/24
  8927 | D:7      | Found Feunnaoc's Serpentskin Sales.
  9219 | D:7      | Reached skill level 2 in Fighting
  9354 | D:7      | Reached skill level 3 in Fighting
  9360 | D:7      | Reached skill level 4 in Fighting
  9550 | D:7      | Identified the +0 robe of the Unseen Realm {Rampage}
  9884 | Temple   | Entered the Ecumenical Temple
 10204 | Temple   | Became a worshipper of Vehumet
 10411 | D:8      | Reached skill level 5 in Fighting
 10486 | D:8      | Noticed a two-headed ogre
 10491 | D:8      | Killed a two-headed ogre
 10492 | D:8      | Reached skill level 7 in Fighting
 10603 | D:8      | Identified the +0 dagger "Orb Guardian's Bane" {vorpal, rN+
                  | Str+4 Dex-5}
 10953 | D:8      | Reached skill level 8 in Fighting
 11061 | D:8      | Found Yggaim's Antique Weapon Emporium.
 11242 | D:8      | Reached skill level 9 in Fighting
 11263 | D:7      | Reached * piety under Vehumet
 11263 | D:7      | Offered knowledge of Foxfire by Vehumet.
 11475 | D:8      | Reached skill level 10 in Fighting
 12452 | D:9      | Reached XP level 11. HP: 119/119 MP: 19/25
 12553 | D:9      | Reached skill level 11 in Fighting
 14080 | D:10     | Entered Level 10 of the Dungeon
 14145 | D:10     | Reached skill level 5 in Dodging
 14562 | D:10     | Reached skill level 12 in Fighting
 14593 | D:10     | Noticed a purple ugly thing
 14599 | D:10     | Killed a purple ugly thing
 14599 | D:10     | Noticed a cyclops
 14609 | D:10     | Offered knowledge of Scorch by Vehumet.
 14717 | D:10     | Reached ** piety under Vehumet
 14725 | D:10     | Noticed a cyclops
 14915 | D:10     | Killed a cyclops
 14929 | D:10     | Killed a cyclops
 15046 | D:10     | Noticed a boulder beetle
 15257 | D:10     | Reached skill level 13 in Fighting
 15346 | D:10     | Noticed a two-headed ogre
 15637 | D:10     | Killed a two-headed ogre
 15715 | D:10     | Identified the +1 hand axe of Ducvi {venom, rF- rC++ Str+2
                  | Int+4}
 15872 | D:10     | Noticed a two-headed ogre
 15873 | D:10     | Found a staircase to the Lair.
 15892 | D:9      | Killed a two-headed ogre
 15893 | D:9      | Reached XP level 12. HP: 53/137 MP: 10/26
 16606 | D:10     | Noticed a two-headed ogre
 16612 | D:10     | Killed a two-headed ogre
 16612 | D:10     | Offered knowledge of Frozen Ramparts by Vehumet.
 16613 | D:10     | Reached skill level 14 in Fighting
 17718 | D:9      | Killed a boulder beetle
 18127 | D:10     | Reached *** piety under Vehumet
 18694 | D:10     | HP: 6/140 [yak (15)]
 18761 | D:10     | HP: 6/140 [yak (2)]
 18762 | D:10     | Slain by a yak

Illustrated notes

Levels and vault maps discovered:
D:1:      minmay_arrival_nine_rooms, layout_loops_ring,
          chequers_ecumenical_altar_grove
D:2:      layout_basic, basic_altar, serial_shops, nicolae_shop_hallway_stairs
D:3:      layout_basic, nicolae_tso_besieged_by_evil
D:4:      layout_loops_ring, serial_glass, glass_columns_a, glass_columns_a,
          glass_columns_a, glass_columns_c, glass_columns_c, glass_columns_a,
          glass_columns_b, glass_columns_c, glass_columns_b, glass_columns_c,
          grunt_ministairs_14
D:5:      layout_loops_ring, st_stairs_6, uniq_menkaure, uniq_grinder
D:6:      layout_gridville, minmay_temple_entry_trees
D:7:      layout_basic, serial_shops, shop_fountains, kennysheep_cluttered_room,
          grunt_decor_one_mirror, guppyfry_shop_venom, uniq_pikel
D:8:      layout_cave_pods, serial_shops, nicolae_shop_crystal
D:9:      layout_loops_cross, st_stairs_10
D:10:     cheibrodos_ideogram_h, layout_long_grid,
          grunt_lair_entry_orc_guard_hut, enter_bailey_2
Temple:   mainiacjoe_temple_trianglar_array

Skill      XL: |  1  2  3  4  5  6  7  8  9 10 11 12 |
---------------+-------------------------------------+-----
Earth Magic    | 3 4 5 6 |  6.0
Spellcasting   | 3 4 5 8 10 | 10.0
Conjurations   | 1 3 5 7 8 |  8.0
Fighting       | 1 10 13 14 | 14.9
Hexes          | 1 2 |  2.0
Dodging        | 3 7 8 |  8.4
Stealth        | |  1.4
Transmutations | |  0.8

Action                   |  1- 3 |  4- 6 |  7- 9 | 10-12 || total
-------------------------+-------+-------+-------+-------++-------
Melee: Unarmed           |    20 |       |       |       ||    20
       Punch             |     2 |       |       |     1 ||     3
       Dagger            |   126 |     7 |     9 |    62 ||   204
 Cast: Sandblast         |    15 |    66 |    26 |    85 ||   192
       Stone Arrow       |       |       |    97 |   250 ||   347
       Fulminant Prism   |       |       |       |    11 ||    11
Evoke: Wand              |       |       |       |     3 ||     3
  Use: Scroll            |       |       |       |    10 ||    10
       Potion            |       |       |       |     7 ||     7
 Stab: Sleeping          |     2 |       |       |       ||     2
Armor: Robe              |    73 |    14 |     6 |    37 ||   130
       Acid dragon scale |       |       |       |    13 ||    13
Dodge: Dodged            |    78 |    13 |    44 |   251 ||   386
